 Dungeon Crawl Stone Soup version 0.29-a0-380-gf50f0a9fbc (webtiles) character file.

Game seed: 17501081259295595866

1512 Antichthon the Cudgeller (level 8, -16/49 HPs)
             Began as a Gargoyle Fighter on May 6, 2022.
             Demolished by an orc warrior
             ... wielding a +0 scimitar
              (17 damage)
             ... on level 6 of the Dungeon.
             The game lasted 00:08:08 (6497 turns).

Antichthon the Cudgeller (Gargoyle Fighter)         Turns: 6497, Time: 00:08:09

Health: -16/49     AC: 22    Str: 21    XL:     8   Next: 83%
Magic:  10/10      EV:  6    Int: 10    God:
Gold:   32         SH:  4    Dex:  9    Spells: 7/7 levels left

rFire   . . .      SeeInvis .   a - +1 flail
rCold   . . .      Faith    .   c - +0 buckler
rNeg    + . .      Spirit   .   l - +3 plate armour
rPois   ∞          Reflect  .   (no helmet)
rElec   +          Harm     .   (no cloak)
rCorr   .          Rampage  .   r - +0 pair of gloves
Will    .....                   (no boots)
Stlth   ..........              (no amulet)
HPRegen 0.16/turn               (no ring)
MPRegen 0.12/turn               (no ring)

@: no status effects
A: sickness immunity, AC +5, negative energy resistance 1, electricity
resistance, torment resistance 1, petrification resistance
a: no special abilities


You were on level 6 of the Dungeon.
You visited 1 branch of the dungeon, and saw 6 of its levels.

You collected 200 gold pieces.
You spent 168 gold pieces at shops.

Inventory:

Hand Weapons
 a - a +1 flail (weapon)
Missiles
 m - 6 silver javelins (quivered)
Armour
 c - a +0 buckler (worn)
 l - a +3 plate armour (worn)
 r - a +0 pair of gloves (worn)
Jewellery
 f - a +6 ring of dexterity
Wands
 p - a wand of paralysis (5)
 t - a wand of polymorph (9)
Scrolls
 e - a scroll of fog
 g - a scroll of teleportation
 h - a scroll of amnesia
 k - a scroll of vulnerability
 n - 5 scrolls of identify
Potions
 b - a potion of haste
 d - 2 potions of might
 i - a potion of invisibility
 j - 2 potions of curing
 o - 3 potions of resistance
 q - a potion of attraction
 s - a potion of berserk rage
 u - a potion of heal wounds
 v - a potion of magic
 w - a potion of brilliance


   Skills:
 * Level 5.3 Fighting
 * Level 6.8 Maces & Flails
 * Level 6.1 Armour
 * Level 2.4 Dodging
 * Level 4.9 Shields
 * Level 3.5 Invocations


You had 7 spell levels left.
You didn't know any spells.
Your spell library contained the following spells:

 Spells                   Type           Power      Damage    Failure   Level
 Magic Dart               Conj           0%         1d3       100%        1
 Sandblast                Erth           0%         2d4       100%        1
 Call Imp                 Summ           0%         N/A       100%        2
 Passwall                 Tmut/Erth      0%         N/A       100%        2
 Mephitic Cloud           Conj/Pois/Air  0%         N/A       100%        3
 Stone Arrow              Conj/Erth      0%         3d7       100%        3


Dungeon Overview and Level Annotations

Branches:
Dungeon (6/15)
 Temple: D:4-7

Altars:
Qazlal
Trog
Yredelemnul

Shops:
D:6 !


Innate Abilities, Weirdness & Mutations

You are immune to sickness and miasma.
Your stone body is resilient. (AC +5)
You are immune to poison.
You resist negative energy. (rN+)
You are resistant to electric shocks. (rElec)
You are resistant to unholy torment.
You are immune to petrification.


Message History

You sock the howler monkey!
You kill the howler monkey!
You sock the orc!
You kill the orc!
You hit the orc warrior but do no damage.
The orc warrior hits you but does no damage.
You barely miss the orc warrior. The orc warrior closely misses you.
The orc warrior barely misses you.
You hit the orc warrior but do no damage.
You block the orc warrior's attack.
You hit the orc warrior.
The orc warrior is lightly wounded.
The orc warrior hits you with a +0 scimitar.
You hit the orc warrior but do no damage.
The orc warrior is lightly wounded.
The orc warrior hits you with a +0 scimitar.
You hit the orc warrior but do no damage.
The orc warrior is lightly wounded.
The orc warrior hits you with a +0 scimitar.
You hit the orc warrior but do no damage.
The orc warrior is lightly wounded.
The orc warrior closely misses you.
You barely miss the orc warrior.
The orc warrior is lightly wounded.
The orc warrior hits you with a +0 scimitar.
You closely miss the orc warrior.
The orc warrior is lightly wounded.
The orc warrior hits you with a +0 scimitar!
* * * LOW HITPOINT WARNING * * *
You thump the orc warrior!
The orc warrior is moderately wounded.
The orc warrior hits you with a +0 scimitar!
* * * LOW HITPOINT WARNING * * *
You closely miss the orc warrior.
The orc warrior is moderately wounded.
You block the orc warrior's attack.
You barely miss the orc warrior.
The orc warrior is moderately wounded.
The orc warrior hits you with a +0 scimitar!
You die...

............+......
§..........##.....
#........##.##.#
##.....#.##.##.#
##...##........
##'######.####
#....# #.#
##.######).#.# #.#
#...o@.....#.# #.#
#..#####..........#
# #.....######
.......# ###...#.#
#.....# ..#####
####


You could see an orc warrior.

Vanquished Creatures
  Pikel (D:5)
  2 ogres (D:6)
  3 lemures
  2 phantoms
  A kobold brigand (D:6)
  A necrophage (D:5)
  2 scorpions (D:5)
  2 howler monkeys
  A hound (D:5)
  2 orc priests (D:5)
  Ijyb (D:5)
  Terence (D:2)
  2 iguanas
  A scorpion zombie (D:4)
  A hound zombie (D:4)
  3 adders
  4 gnolls (D:5)
  An ufetubus (D:5)
  A worm (D:3)
  3 dart slugs
  16 orcs
  12 endoplasms
  8 goblins
  11 hobgoblins
  4 jackals (D:1)
  4 quokkas
  3 ball pythons (D:1)
  5 bats
  4 frilled lizards
  10 kobolds
  5 rats
117 creatures vanquished.

Notes
Turn   | Place    | Note
-------+----------+-------------------------------------------
     0 | D:1      | Antichthon the Gargoyle Fighter began the quest for the
                  | Orb.
     0 | D:1      | Reached XP level 1. HP: 14/14 MP: 1/1
   155 | D:1      | Reached XP level 2. HP: 8/19 MP: 2/2
   698 | D:1      | Reached XP level 3. HP: 15/23 MP: 3/3
  1158 | D:1      | Reached skill level 1 in Invocations
  1225 | D:1      | Found a faded altar of an unknown god.
  1730 | D:2      | Identified the +1 robe "Zismev" {rF+ Dex+4 SInv}
  1824 | D:2      | Reached XP level 4. HP: 28/29 MP: 4/4
  1870 | D:2      | Noticed Terence
  1881 | D:2      | Killed Terence
  1993 | D:2      | Reached skill level 1 in Dodging
  2134 | D:2      | Found a stormy altar of Qazlal.
  2725 | D:3      | Noticed a phantom
  2735 | D:3      | Killed a phantom
  2736 | D:3      | Reached XP level 5. HP: 31/33 MP: 4/6
  3508 | D:4      | Found a bloodstained altar of Trog.
  3833 | D:5      | Entered Level 5 of the Dungeon
  3867 | D:5      | Reached XP level 6. HP: 30/38 MP: 7/7
  3982 | D:5      | Noticed Pikel
  4606 | D:5      | Killed Pikel
  4607 | D:5      | Reached skill level 5 in Maces & Flails
  4607 | D:5      | Reached skill level 5 in Armour
  4607 | D:5      | Reached XP level 7. HP: 20/44 MP: 7/9
  4850 | D:5      | Reached XP level 8. HP: 34/48 MP: 10/10
  4928 | D:5      | Noticed Ijyb
  4942 | D:5      | Killed Ijyb
  5849 | D:4      | Reached skill level 5 in Fighting
  6017 | D:4      | Found a basalt altar of Yredelemnul.
  6286 | D:6      | Found Weobakk's Distillery.
  6289 | D:6      | Bought a potion of magic for 112 gold pieces
  6289 | D:6      | Bought a potion of brilliance for 56 gold pieces
  6495 | D:6      | HP: 1/49 [orc warrior/+0 scimitar (13)]
  6497 | D:6      | Demolished by an orc warrior

Illustrated notes

Levels and vault maps discovered:
D:1:      ebering_trefoil_twist, layout_basic, serial_glass, glass_columns_a,
          glass_columns_a, shapermc_ecumenical_altar_notcrosses,
          minmay_misc_feat_tiny, chequers_hall_statues_corner_a
D:2:      layout_rooms, basic_altar, hangedman_abyss_or_decor_lesser_grid,
          amcnicky_mini_pool_small, uniq_terence
D:3:      layout_basic
D:4:      layout_basic, kennysheep_little_box, lemuel_zombie_altar_yredelemnul
D:5:      layout_cave_pools, uniq_pikel, uniq_ijyb
D:6:      layout_loops_corners, nicolae_qazlal_scattered_showers,
          minmay_temple_entry_junction_2, serial_shops, shop

Skill      XL: |  1  2  3  4  5  6  7  8 |
---------------+-------------------------+-----
Invocations    | 1 2 3 |  3.5
Maces & Flails | 3 5 6 |  6.8
Dodging        | 1 2 |  2.4
Armour         | 4 5 6 |  6.1
Fighting       | 4 5 |  5.3
Shields        | 4 |  4.9

Action                   |  1- 3 |  4- 6 |  7- 9 || total
-------------------------+-------+-------+-------++-------
Melee: Flail             |   106 |   182 |   178 ||   466
  Use: Scroll            |     3 |    11 |     2 ||    16
       Potion            |       |     1 |     1 ||     2
Armor: Scale mail        |    71 |     8 |       ||    79
       Plate armour      |       |   165 |   114 ||   279
Dodge: Dodged            |    79 |    62 |    42 ||   183
Block: Buckler           |    25 |    48 |    42 ||   115

Table legend: (Time is in decaauts)
 A = Elapsed time spent in this place.
 B = Non-inter-level travel time spent in this place.
 C = Inter-level travel time spent in this place.
 D = Time resting spent in this place.
 E = Time spent auto-exploring this place.
 F = Levels seen in this place.
 G = Mean time per level.
                   A        B        C        D        E       F      G
               +--------+--------+--------+--------+--------+-----+--------+
         Total |   6611 |   6378 |    233 |    783 |   4217 |   6 | 1101.8 |
       Dungeon |   6611 |   6378 |    233 |    783 |   4217 |   6 | 1101.8 |
               +--------+--------+--------+--------+--------+-----+--------+

Top non-repeatable levels by time:
     D:1: 1682 daAuts
     D:4: 1293 daAuts
     D:5: 1158 daAuts
     D:3: 928 daAuts
     D:6: 797 daAuts
     D:2: 751 daAuts
